 Dungeon Crawl Stone Soup version 0.26-a0-661-g406de6ba63 (webtiles) character file.

Game seed: 11373754625158884969

713 MrRokkomies the Skirmisher (level 7, -3/56 HPs)
             Began as a Demonspawn Artificer on Oct 9, 2020.
             Was an Initiate of Okawaru.
             Slain by an elf zombie (7 damage)
             ... in an ossuary.
             The game lasted 00:07:15 (5021 turns).

MrRokkomies the Skirmisher (Demonspawn Artificer)   Turns: 5021, Time: 00:07:16

Health: -3/56      AC:  6    Str: 12    XL:     7   Next: 41%
Magic:  7/7        EV: 12    Int: 15    God:    Okawaru [......]
Gold:   103        SH:  0    Dex: 13    Spells: 6/6 levels left

rFire    + . .     SeeInvis .   a - +0 dagger (venom)
rCold    . . .     Faith    .   (no shield)
rNeg     . . .     Spirit   .   g - +0 ring mail
rPois    .         Reflect  .   (helmet restricted)
rElec    .         Harm     .   (no cloak)
rCorr    .         Rampage  .   (no gloves)
MR       .....                  (no boots)
Stlth    +.........             (no amulet)
HPRegen  0.18/turn              (no ring)
MPRegen  0.10/turn              (no ring)

@: no status effects
A: antennae 1, fire resistance 1, powered by pain 1, sharp scales 1
a: Renounce Religion


You were in an ossuary.
You worshipped Okawaru.
Okawaru was noncommittal.
You visited 1 branch of the dungeon, and saw 4 of its levels.
You also visited: Ossuary.

You collected 103 gold pieces.

Inventory:

Hand Weapons
 a - a +0 dagger of venom (weapon)
Missiles
 o - 18 poisoned darts (quivered)
 p - 50 bolts
Armour
 g - a +0 ring mail (worn)
 k - a +0 helmet
Jewellery
 h - an uncursed ring of ice
Wands
 c - a wand of flame (1)
 d - a wand of enslavement (14)
Scrolls
 f - 2 scrolls of identify
 j - a scroll of fog
 l - a scroll of amnesia {unknown}
 m - a scroll of random uselessness
Potions
 i - 2 potions of brilliance
 n - 2 potions of cancellation


   Skills:
 * Level 5.1 Fighting
 - Level 1.7 Armour
 * Level 4.7 Dodging
 - Level 0.8 Stealth
 + Level 4.7 Evocations


You had 6 spell levels left.
You didn't know any spells.
Your spell library was empty.

Dungeon Overview and Level Annotations

Branches:
Dungeon (4/15)            Ossuary (1/1)
 Temple: D:4-7

Altars:
Okawaru


Innate Abilities, Weirdness & Mutations

You have a pair of small antennae on your head.
Your flesh is heat resistant. (rF+)
You sometimes gain a little power by taking damage.
You are partially covered in razor-sharp scales. (AC +1, Slay +1)


Message History

Press: ? - help, Shift-Dir - straight line, f/p - elf zombie
Aim: an elf zombie (heavily damaged, fast)
The puff of flame hits the elf zombie!
The elf zombie is severely damaged.
The elf zombie hits you.
* * * LOW HITPOINT WARNING * * *
Evoke which item? (* to show all) (? for menu, Esc to quit)
Aiming: Throw Flame
Press: ? - help, Shift-Dir - straight line, f/p - elf zombie
Aim: an elf zombie (severely damaged, fast)
The puff of flame misses the elf zombie.
The elf zombie hits you but does no damage.
Unknown command.
Evoke which item? (* to show all) (? for menu, Esc to quit)
Aiming: Throw Flame
Press: ? - help, Shift-Dir - straight line, f/p - elf zombie
Aim: an elf zombie (severely damaged, fast)
The puff of flame misses the elf zombie.
The elf zombie hits you!
You die...

#################
....\..\........#
...........@....#
..########..Z...#
####....'.####...#
##.......#..#.##..#
#\.#####.####..'..#
##.'...#......##..#
####..#...####...#
########......#
.............#


You could see an elf zombie (fast).

Vanquished Creatures
  Sigmund (D:3)
  A sky beast (D:3)
  An elf zombie (Ossuary)
  A centaur zombie (Ossuary)
  A jelly (D:3)
  Natasha (D:3)
  2 hound zombies (Ossuary)
  A mummy (Ossuary)
  Robin (D:3)
  10 gnolls
  5 adders
  2 oozes
  An adder zombie (Ossuary)
  3 worms
  A dart slug (D:1)
  A leopard gecko (D:1)
  An orc (D:3)
  7 bats
  9 hobgoblins
  4 jackals (D:3)
  12 kobolds
  5 quokkas
  A ball python (D:2)
  3 frilled lizards (D:2)
  2 gnoll zombies (Ossuary)
  13 goblins
  A goblin zombie (Ossuary)
  2 hobgoblin zombies (Ossuary)
  3 kobold zombies (Ossuary)
  A quokka zombie (Ossuary)
  8 rats
  4 rat zombies (Ossuary)
109 creatures vanquished.

Vanquished Creatures (collateral kills)
  A goblin zombie (Ossuary)
1 creature vanquished.

Vanquished Creatures (others)
  4 toadstools (D:1)
4 creatures vanquished.

Grand Total: 114 creatures vanquished

Notes
Turn   | Place    | Note
-------+----------+-------------------------------------------
     0 | D:1      | MrRokkomies the Demonspawn Artificer began the quest for
                  | the Orb.
     0 | D:1      | Reached XP level 1. HP: 15/15 MP: 1/1
    19 | D:1      | Reached skill level 1 in Dodging
   435 | D:1      | Gained mutation: Your flesh is heat resistant. (rF+)
                  | [demonic ancestry]
   435 | D:1      | Reached XP level 2. HP: 21/21 MP: 2/2
  1164 | D:2      | Reached skill level 2 in Fighting
  1164 | D:2      | Reached XP level 3. HP: 27/27 MP: 3/3
  1626 | D:2      | Gained mutation: You are partially covered in razor-sharp
                  | scales. (AC +1, Slay +1) [demonic ancestry]
  1626 | D:2      | Reached XP level 4. HP: 30/34 MP: 4/4
  2261 | D:3      | Noticed a sky beast
  2391 | D:3      | Killed a sky beast
  2391 | D:3      | Reached skill level 3 in Fighting
  2391 | D:3      | Gained mutation: You sometimes gain a little power by
                  | taking damage. [demonic ancestry]
  2391 | D:3      | Reached XP level 5. HP: 22/41 MP: 5/5
  2610 | D:3      | Found an iron altar of Okawaru.
  2933 | D:3      | Became a worshipper of Warmaster Okawaru
  2981 | D:3      | Noticed Sigmund
  3002 | D:3      | Killed Sigmund
  3002 | D:3      | Reached * piety under Okawaru
  3002 | D:3      | Reached skill level 4 in Fighting
  3002 | D:3      | Gained mutation: You have a pair of small antennae on your
                  | head. [demonic ancestry]
  3002 | D:3      | Reached XP level 6. HP: 23/49 MP: 6/6
  3614 | D:3      | Noticed Robin
  3638 | D:3      | Killed Robin
  3970 | D:3      | Noticed Natasha
  3985 | D:3      | Killed Natasha
  3985 | D:3      | Reached XP level 7. HP: 47/55 MP: 7/7
  4444 | D:4      | Found a sand-covered staircase.
  4470 | Ossuary  | Entered an ossuary
  4863 | Ossuary  | Reached skill level 5 in Fighting
  5021 | Ossuary  | Slain by an elf zombie

Illustrated notes

Levels and vault maps discovered:
D:1:      ldierk_water_garden, layout_basic
D:2:      layout_rooms
D:3:      layout_loops_ring, okawaru_ov_weapons_minmay, uniq_sigmund,
          uniq_robin, uniq_natasha
D:4:      minmay_recursive_quarters, layout_basic,
          nicolae_ossuary_entry_false_entrances
Ossuary:  minmay_ossuary_two_tombs

Skill      XL: |  1  2  3  4  5  6  7 |
---------------+----------------------+-----
Dodging        | 1 2 3 4 |  4.7
Fighting       | 2 3 4 5 |  5.1
Evocations     | 4 |  4.7
Armour         | |  1.7
Stealth        | |  0.8

Action                   |  1- 3 |  4- 6 |  7- 9 || total
-------------------------+-------+-------+-------++-------
Melee: Club              |    25 |       |       ||    25
       Short sword       |     5 |       |       ||     5
       Dagger            |   101 |   223 |   166 ||   490
Evoke: Wand              |     1 |       |    29 ||    30
  Use: Scroll            |       |       |     6 ||     6
       Potion            |       |       |     2 ||     2
 Stab: Confused          |       |       |     1 ||     1
Armor: Leather armour    |    13 |       |       ||    13
       Ring mail         |    33 |    68 |    89 ||   190
Dodge: Dodged            |    97 |   129 |   118 ||   344

Table legend: (Time is in decaauts)
 A = Elapsed time spent in this place.
 B = Non-inter-level travel time spent in this place.
 C = Inter-level travel time spent in this place.
 D = Time resting spent in this place.
 E = Time spent auto-exploring this place.
 F = Levels seen in this place.
 G = Mean time per level.
                   A        B        C        D        E       F      G
               +--------+--------+--------+--------+--------+-----+--------+
         Total |   5028 |   4955 |     73 |    691 |   3296 |   5 | 1005.6 |
       Dungeon |   4477 |   4404 |     73 |    500 |   3180 |   4 | 1119.2 |
       Ossuary |    550 |    550 |      0 |    191 |    116 |   1 |  550.0 |
               +--------+--------+--------+--------+--------+-----+--------+

Top non-repeatable levels by time:
     D:3: 2072 daAuts
     D:2: 1243 daAuts
     D:1: 1124 daAuts
 Ossuary: 550 daAuts
     D:4: 36 daAuts
